 Dungeon Crawl Stone Soup version 0.24-a0-715-g0b739ee41d (webtiles) character file.

Game seed: 11620071071446924014, levelgen mode: deterministic

42 Arixos the Sneak (level 3, -3/20 HPs)
             Began as a Vampire Enchanter on Sept 30, 2019.
             Slain by a gnoll
             ... wielding a +0 spear
              (8 damage)
             ... on level 3 of the Dungeon.
             The game lasted 00:11:42 (1240 turns).

Arixos the Sneak (Vampire Enchanter)                Turns: 1240, Time: 00:11:42

Health: -3/20      AC:  0    Str:  3 (7)  XL:     3   Next: 33%
Magic:  5/6        EV: 20    Int: 13 (17) God:
Gold:   51         SH:  0    Dex: 16 (20) Spells: 3/6 levels left

rFire    . . .     SeeInvis +   (weapon currently unavailable)
rCold    + + .     Gourm    .   (shield currently unavailable)
rNeg     + + +     Faith    .   (armour currently unavailable)
rPois    ∞         Spirit   .   (helmet currently unavailable)
rElec    .         Reflect  .   (cloak currently unavailable)
rCorr    .         Harm     .   (gloves currently unavailable)
MR       .....                  (boots currently unavailable)
Stlth    +++++.....             (no amulet)
HPRegen  0.00/turn              (ring currently unavailable)
MPRegen  0.10/turn              (ring currently unavailable)

@: bat-form, flying, bloodless, regenerating quickly, very quick
A: tiny, no food, fangs 3, see invisible
a: Revivify, End Transformation


You were on level 3 of the Dungeon.
You were bloodless.
You were in vampire-bat-form.
You visited 1 branch of the dungeon, and saw 3 of its levels.

You collected 51 gold pieces.

Inventory:

Hand Weapons
 a - a +1 dagger (melded)
Armour
 b - a +0 robe (melded)
Scrolls
 d - a scroll of magic mapping {unknown}
 f - 3 scrolls of identify {unknown}
Potions
 c - 2 potions of curing


   Skills:
 + Level 0.9 Fighting
 + Level 1.6 Short Blades
 + Level 2.5 Dodging
 + Level 5.0 Stealth
 + Level 2.3 Spellcasting
 + Level 4.8 Hexes


You had 3 spell levels left.
You knew the following spells:

 Your Spells              Type           Power        Failure   Level  Hunger
a - Ensorcelled Hibernat  Hex/Ice        #.....       14%         2    N/A
b - Corona                Hex            ##.....      3%          1    N/A

Your spell library contained the following spells:

 Spells                   Type           Power        Failure   Level  Hunger
 Confuse                  Hex            ##......     11%         3    N/A
 Tukima's Dance           Hex            ##......     11%         3    N/A
 Dazzling Spray           Conj/Hex       #.....       28%         3    N/A

Dungeon Overview and Level Annotations

Branches:
Dungeon (3/15)

Altars:

Annotations:
D:3 Terence


Innate Abilities, Weirdness & Mutations

You do not eat.
You do not regenerate when monsters are visible.
You are frail without blood (-20% HP).
You are immune to poison.
You have razor-sharp teeth.
You have supernaturally acute eyesight. (SInv)
((You can survive without breathing.))


Message History

The gnoll misses you.
The gnoll shouts!
You hear a shout!
You hear an angry hiss.
The kobold shouts!
You hear a shout!
The gnoll misses you.
The orc shouts!
You hear an angry hiss.
The gnoll completely misses you. Terence screams, "I want your blood!"
Terence misses you. Terence completely misses you. The gnoll misses you.
An adder comes into view.
The gnoll closely misses you.
The frilled lizard bites something.
You barely miss the adder. The gnoll misses you.
The adder completely misses you.
The frilled lizard bites something but does no damage.
The frilled lizard hisses angrily.
You hit the adder but do no damage. The adder barely misses you.
Terence barely misses you.
The gnoll hits you from afar with a +0 spear!
You die...

..###..........
♣
♣.........P....
#.#####.#<.PP♣
#
♣.♣......o♣♣♣P
.# ..<..#.#.P♣♣
..#
♣.#..gg..P♣l..
#.#.#.###...#
#..ggK###.##.$@
###.gg@bS.# ..
######### .


You could see Terence, 3 gnolls, an adder, a goblin, a kobold and a frilled
lizard.

Vanquished Creatures
  An adder (D:2)
  4 dart slugs (D:1)
  2 leopard geckos
  3 bats (D:1)
  2 giant cockroaches (D:1)
  3 hobgoblins (D:1)
  2 jackals (D:1)
  2 kobolds (D:1)
  A frilled lizard (D:2)
  2 rats (D:1)
22 creatures vanquished.

Notes
Turn   | Place    | Note
-------+----------+-------------------------------------------
     0 | D:1      | Arixos the Vampire Enchanter began the quest for the Orb.
     0 | D:1      | Reached XP level 1. HP: 13/13 MP: 3/3
   314 | D:1      | Reached XP level 2. HP: 7/15 MP: 5/5
   577 | D:1      | Learned a level 2 spell: Ensorcelled Hibernation
   910 | D:1      | Reached XP level 3. HP: 20/20 MP: 6/6
  1129 | D:2      | Reached skill level 5 in Stealth
  1146 | D:2      | HP: 1/20 [hobgoblin/+0 club (4)]
  1156 | D:3      | Noticed Terence
  1240 | D:3      | Slain by a gnoll

Levels and vault maps discovered:
D:1:      dpeg_arrival_three_bigger_balls, layout_basic
D:2:      layout_rooms, chequers_ecumenical_altar_island,
          kennysheep_generic_room_16
D:3:      layout_basic, lemuel_round_altar, gammafunk_temple_overflow_wave,
          serial_forest, infiniplex_forest_straight_2,
          infiniplex_forest_lined_3, infiniplex_forest_clump_small,
          infiniplex_forest_clump_small, infiniplex_forest_clump_small,
          infiniplex_forest_clump_small, infiniplex_forest_lined_corner,
          infiniplex_forest_clump_long, gammafunk_ghost_arena, minivault_27,
          uniq_terence

Skill      XL: |  1  2  3 |
---------------+----------+-----
Stealth        | 5 |  5.0
Fighting       | |  0.9
Short Blades   | |  1.6
Dodging        | |  2.5
Spellcasting   | |  2.3
Hexes          | |  4.8

Action                   || total
-------------------------++-------
Melee: Dagger            ||    44
       Bite              ||     5
       Unarmed           ||     2
 Cast: Corona            ||     2
       Ensorcelled Hiber ||     6
 Abil: Exsanguinate      ||     1
       Bat Form          ||     2
       End Transformatio ||     1
  Use: Potion            ||     4
 Stab: Sleeping          ||    17
Armor: Robe              ||     2
Dodge: Dodged            ||    30

Table legend:
 A = Non-vault XP
 B = Vault XP
 C = Vault XP percentage of total XP
 D = Non-vault monster count
 E = Vault monster count
 F = Vault count percentage of total count
                 A         B        C        D         E       F
            +---------+---------+-------+---------+---------+-------
      Total |      60 |       0 |   0.0 |      22 |       0 |   0.0
            +---------+---------+-------+---------+---------+-------
        D:1 |      43 |       0 |   0.0 |      19 |       0 |   0.0
        D:2 |      17 |       0 |   0.0 |       3 |       0 |   0.0
            +---------+---------+-------+---------+---------+-------
